 Dungeon Crawl Stone Soup version 0.31-a0-152-g6aa68a64a1 (webtiles) character file.

Game seed: 10813746482563731604

49 qw the Shooter (level 3, -3/32 HPs)
             Began as a Naga Hunter on June 10, 2023.
             Slain by a gnoll
             ... wielding a +0 halberd
              (4 damage)
             ... on level 2 of the Dungeon.
             The game lasted 00:00:18 (982 turns).

qw the Shooter (Naga Hunter)                         Turns: 982, Time: 00:00:18

Health: -3/32      AC:  2    Str: 13    XL:     3   Next: 77%
Magic:  3/3        EV:  9    Int:  9    God:
Gold:   98         SH:  0    Dex: 16    Spells: 2/2 levels left

rFire   . . .        Y - +0 shortbow (freeze)
rCold   . . .        (shield currently unavailable)
rNeg    . . .        c - +0 leather armour
rPois   +            (no helmet)
rElec   .            (no cloak)
rCorr   .            (no gloves)
SInv    +            (no barding)
Will    .....        (no amulet)
Stlth   ++           (no ring)
HPRegen 0.25/turn    (no ring)
MPRegen 0.08/turn

%: no passive effects
@: short of breath, very slow
A: AC +1, large, see invisible, deformed body, poison resistance, slowness 2,
spit poison 1, naga tail 1
a: Spit Poison


You were on level 2 of the Dungeon.
You visited 1 branch of the dungeon, and saw 2 of its levels.

You collected 98 gold pieces.


Innate Abilities, Weirdness & Mutations

Your serpentine skin is tough. (AC +1)
You have supernaturally acute eyesight. (SInv)
Armour fits poorly on your strangely shaped body.
Your system is resistant to poisons. (rPois)
You cover ground very slowly.
You can spit poison.
You have a snake-like lower body.


   Skills:
 - Level 2.0 Fighting
 + Level 4.8 Ranged Weapons
 - Level 1.5 Dodging
 - Level 1.5 Stealth


You had 2 spell levels left.
You didn't know any spells.
Your spell library was empty.

Inventory:

Hand Weapons
 Y - a +0 shortbow of freezing (weapon)
Armour
 c - a +0 leather armour (worn)
Scrolls
 a - a scroll of fog {unknown}
Potions
 e - a potion of haste {unknown}

Dungeon Overview and Level Annotations

Branches:
Dungeon (2/15)

Altars:


Message History

You hear a shout!
973 ||| Stepping ~*~*~tactically~*~*~ (outnumbered).
You shoot an arrow. The arrow barely misses the gnoll.
You have got your breath back.
The gnoll looks more healthy.
975 ||| INVOKING Spit Poison.
Aiming: Spit Poison (2% risk of failure)
Press: ? - help, Shift-Dir - straight line, f/p - gnoll The splash of poison hits the gnoll but does no damage.
The gnoll is poisoned.
The gnoll is heavily wounded.
The gnoll hits you from afar with a +0 spear.
You shoot an arrow.
The arrow hits the gnoll but does no damage.
The gnoll is heavily wounded.
The gnoll throws a throwing net.
The throwing net barely misses you. The gnoll closely misses you.
You shoot an arrow. The arrow hits the gnoll.
The arrow freezes the gnoll.
You kill the gnoll!
You shoot an arrow.
The arrow hits the gnoll but does no damage.
The gnoll barely misses you.
You shoot an arrow. The arrow hits the gnoll.
The arrow freezes the gnoll.
The gnoll is moderately wounded.
The gnoll barely misses you.
The gnoll hits you from afar with a +0 halberd.
You shoot an arrow. The arrow barely misses the gnoll.
The gnoll completely misses you. The gnoll hits you with a +0 flail!
You shoot an arrow.
The arrow hits the gnoll but does no damage.
The gnoll is moderately wounded.
You have got your breath back.
The gnoll hits you with a +0 flail! The gnoll barely misses you.
982 ||| INVOKING Spit Poison.
Aiming: Spit Poison (2% risk of failure)
Press: ? - help, Shift-Dir - straight line, f/p - gnoll The splash of poison hits the gnoll.
The gnoll is poisoned.
The gnoll is moderately wounded.
The gnoll hits you from afar with a +0 halberd.
You die...

#.###.# #)# #.##### #.#
#.....# #.#
........###=# #.#######
#######.# #.# #.......#
#.# #.#########.# # ..#
#...#.. #)#
#.#########.#>## #.#
#..g@[(...#.#.##.##.#
#...#.....#.#.#.##....#
#. #g###.#.#.#.##.##..
..g #)#.#.#.#8 #..
#g### #.#.....# #.. .g
#.###.### #.. # #.#
#)..# #.. #.# ##### #..
#.. #.#


You could see 3 gnolls.

Vanquished Creatures
  A gnoll (D:2)
  An adder (D:2)
  4 ball pythons (D:1)
  2 bats (D:1)
  2 endoplasms
  3 giant cockroaches (D:1)
  7 goblins
  3 hobgoblins (D:1)
  A frilled lizard (D:1)
  3 kobolds
27 creatures vanquished.

Notes
Turn   | Place    | Note
-------+----------+-------------------------------------------
     0 | D:1      | qw the Naga Hunter began the quest for the Orb.
     0 | D:1      | Reached XP level 1. HP: 19/19 MP: 1/1
     0 | D:1      | 0 ||| qw: Version: 0.2-a-29-g0080da8
     0 | D:1      | 0 ||| qw: Game counter: 3860
     0 | D:1      | 0 ||| qw: Always use a shield: true
     0 | D:1      | 0 ||| qw: God list: Okawaru
     0 | D:1      | 0 ||| qw: Allow faded altars: false
     0 | D:1      | 0 ||| qw: Do Orc after D:15 true
     0 | D:1      | 0 ||| qw: Do second Lair branch before Depths: true
     0 | D:1      | 0 ||| qw: Lair rune preference: random
     0 | D:1      | 0 ||| qw: Plans: Normal
     0 | D:1      | 0 ||| PLANNING D:1-11
    42 | D:1      | 42 ||| INVOKING Spit Poison.
   113 | D:1      | 113 ||| INVOKING Spit Poison.
   121 | D:1      | 121 ||| INVOKING Spit Poison.
   149 | D:1      | 149 ||| INVOKING Spit Poison.
   153 | D:1      | 153 ||| INVOKING Spit Poison.
   154 | D:1      | Reached skill level 4 in Ranged Weapons
   154 | D:1      | Reached XP level 2. HP: 23/26 MP: 2/2
   215 | D:1      | 215 ||| INVOKING Spit Poison.
   220 | D:1      | 220 ||| INVOKING Spit Poison.
   225 | D:1      | 225 ||| INVOKING Spit Poison.
   257 | D:1      | 257 ||| INVOKING Spit Poison.
   322 | D:1      | 322 ||| INVOKING Spit Poison.
   334 | D:1      | 334 ||| INVOKING Spit Poison.
   384 | D:1      | 384 ||| INVOKING Spit Poison.
   385 | D:1      | 385 ||| INVOKING Spit Poison.
   388 | D:1      | Reached XP level 3. HP: 32/32 MP: 3/3
   415 | D:1      | 415 ||| INVOKING Spit Poison.
   827 | D:1      | 827 ||| INVOKING Spit Poison.
   835 | D:1      | 835 ||| READING scroll labelled ESCHIT DIOKKUDO.
   836 | D:1      | 836 ||| READING scroll labelled SUAXUFELIS.
   837 | D:1      | 837 ||| DROPPING scroll of butterflies.
   870 | D:2      | 870 ||| INVOKING Spit Poison.
   873 | D:2      | 873 ||| INVOKING Spit Poison.
   918 | D:2      | 918 ||| INVOKING Spit Poison.
   946 | D:2      | 946 ||| INVOKING Spit Poison.
   971 | D:2      | 971 ||| INVOKING Spit Poison.
   973 | D:2      | 973 ||| Stepping ~*~*~tactically~*~*~ (outnumbered).
   975 | D:2      | 975 ||| INVOKING Spit Poison.
   981 | D:2      | HP: 1/32 [gnoll/+0 flail (12)]
   982 | D:2      | 982 ||| INVOKING Spit Poison.
   982 | D:2      | Slain by a gnoll

Levels and vault maps discovered:
D:1:      dpeg_arrival_court, layout_basic, chequers_serial_rivers_room_a
D:2:      minmay_alternating_diamond, layout_basic,
          amcnicky_mini_corridor_feature

Skill      XL: |  1 |
---------------+----+-----
Ranged Weapons | 4 |  4.8
Fighting       | |  2.0
Dodging        | |  1.5
Stealth        | |  1.5

Action                     || total
---------------------------++-------
   Fire: Shortbow          ||    46
Ability: Spit Poison       ||    21
    Use: Scroll            ||     2
 Armour: Leather armour    ||     2
  Dodge: Dodged            ||    17

Table legend:
 A = Non-vault XP
 B = Vault XP
 C = Vault XP percentage of total XP
 D = Non-vault monster count
 E = Vault monster count
 F = Vault count percentage of total count
                 A         B        C        D         E       F
            +---------+---------+-------+---------+---------+-------
      Total |      71 |       0 |   0.0 |      27 |       0 |   0.0
            +---------+---------+-------+---------+---------+-------
        D:1 |      39 |       0 |   0.0 |      22 |       0 |   0.0
        D:2 |      32 |       0 |   0.0 |       5 |       0 |   0.0
            +---------+---------+-------+---------+---------+-------
